 Dungeon Crawl Stone Soup version 0.32-a0-928-g1cae6b7ea0 (webtiles) character file.

Game seed: 479352668125043594

78 Iidacon the Poker (level 4, -1/34 HPs)
             Began as a Merfolk Gladiator on Apr 13, 2024.
             Succumbed to a goblin's poison
             ... on level 2 of the Dungeon.
             The game lasted 00:02:11 (1746 turns).

Iidacon the Poker (Merfolk Gladiator)               Turns: 1746, Time: 00:02:12

Health: -1/34      AC:  4    Str: 16    XL:     4   Next: 36%
Magic:  3/4        EV: 12    Int:  7    God:
Gold:   77         SH:  0    Dex: 15    Spells: 3/3 levels left

rFire   . . .        a - +0 trident
rCold   . . .        (no shield)
rNeg    . . .        b - +0 leather armour
rPois   .            c - +0 helmet
rElec   .            (no cloak)
rCorr   .            (no gloves)
SInv    .            (no boots)
Will    .....        (no amulet)
Stlth   +            (no ring)
HPRegen 0.25/turn    (no ring)
MPRegen 0.09/turn

%: no passive effects
@: lethally poisoned (-1 -> -12)
A: (nimble swimmer 2), mertail
a: no special abilities


You were on level 2 of the Dungeon.
You visited 1 branch of the dungeon, and saw 2 of its levels.

You collected 77 gold pieces.

Inventory:

Hand Weapons
 a - a +0 trident (weapon)
Missiles
 d - 3 throwing nets (quivered)
 e - a javelin
Armour
 b - a +0 leather armour (worn)
 c - a +0 helmet (worn)
Jewellery
 i - a +5 ring of evasion
 p - a +6 ring of dexterity
Scrolls
 f - 3 scrolls of fog {unknown}
 h - 3 scrolls of identify {unknown}
 k - a scroll of enchant armour {unknown}
 l - a scroll of revelation {unknown}
 o - 3 scrolls of fear {unknown}
 q - a scroll of immolation {unknown}
Potions
 g - 2 potions of curing {unknown}
 j - 2 potions of brilliance {unknown}
 m - a potion of mutation {unknown}
 n - a potion of heal wounds {unknown}


   Skills:
 + Level 2.9 Fighting
 + Level 5.3 Polearms
 + Level 2.2 Throwing
 + Level 0.6 Armour
 + Level 4.5 Dodging
 + Level 0.4 Stealth


You had 3 spell levels left.
You didn't know any spells.
Your spell library contained the following spells:

 Spells                   Type           Power      Damage    Failure   Level
 Freeze                   Ice            0%         1d3       50%         1
 Frozen Ramparts          Ice            0%         1d1       86%         3
 Hailstorm                Conj/Ice       0%         3d5       86%         3


Dungeon Overview and Level Annotations

Branches:
Dungeon (2/15)

Altars:


Innate Abilities, Weirdness & Mutations

((You are very nimble when in or above water. (Stealth+, EV+, Speed+++)))
Your lower body shifts to a powerful aquatic tail in water.


Message History

The ribbon worm is almost dead.
The ribbon worm bites you.
You hit the ribbon worm.
The ribbon worm is almost dead.
The ribbon worm expels a string of sticky webbing.
The stream of webbing misses you.
You hit the ribbon worm.
The ribbon worm is almost dead.
The ribbon worm bites you but does no damage.
You completely miss the ribbon worm.
The ribbon worm is almost dead.
The ribbon worm closely misses you.
You puncture the ribbon worm!
You kill the ribbon worm!
You hit the kobold.
The kobold is moderately wounded.
The kobold hits you with a +0 whip of pain.
You closely miss the kobold.
The kobold is moderately wounded.
The kobold hits you with a +0 whip of pain.
* * * LOW HITPOINT WARNING * * *
You puncture the kobold!
You kill the kobold!
The goblin unwields a +1 dagger of venom.
It stops dripping with poison.
The goblin wields a +0 sling.
The goblin shoots a sling bullet.
The sling bullet hits you.
* * * LOW HITPOINT WARNING * * *
The goblin unwields a +0 sling.
The goblin wields a +1 dagger of venom.
It begins to drip with poison!
The goblin hits you with a +1 dagger of venom.
* * * LOW HITPOINT WARNING * * *
Things that are here:
a +0 whip of pain; a kobold corpse You closely miss the goblin.
You closely miss the goblin.
The goblin hits you with a +1 dagger of venom.
* * * LOW HITPOINT WARNING * * *
You are lethally poisoned!
You closely miss the goblin.
You die...

#################
.......g@.......#
###....#)..##..#
#....#...###.#
#....##..###.#
.....###......#
...#... ##.....#
.. #... ###...# .
#..# ####.# #..
####....#


You could see a goblin.

Vanquished Creatures
  An adder (D:2)
  2 gnolls (D:1)
  A dart slug (D:1)
  A ribbon worm (D:2)
  3 endoplasms (D:1)
  3 giant cockroaches (D:1)
  2 goblins (D:1)
  6 hobgoblins
  A jackal (D:1)
  3 quokkas (D:1)
  4 ball pythons
  3 bats (D:1)
  3 frilled lizards (D:1)
  7 kobolds
  3 rats
43 creatures vanquished.

Notes
Turn   | Place    | Note
-------+----------+-------------------------------------------
     0 | D:1      | Iidacon the Merfolk Gladiator began the quest for the Orb.
     0 | D:1      | Reached XP level 1. HP: 16/16 MP: 1/1
    25 | D:1      | Reached XP level 2. HP: 10/22 MP: 2/2
   306 | D:1      | Found a faded altar of an unknown god.
   396 | D:1      | Reached XP level 3. HP: 28/28 MP: 3/3
  1012 | D:1      | Reached skill level 5 in Polearms
  1126 | D:1      | Reached XP level 4. HP: 33/34 MP: 4/4
  1746 | D:2      | Succumbed to a goblin's poison

Illustrated notes

Levels and vault maps discovered:
D:1:      lightli_arrival_quake, layout_basic, ebering_ecumenical_altar_box,
          serial_aquarium, aquarium_bridge_straight [aquarium_subvault_bridge,
          aquarium_subvault_wall, aquarium_subvault_bridge,
          aquarium_subvault_wall], aquarium_window_fake, aquarium_window_1,
          aquarium_view_2a, aquarium_view_2f, aquarium_pool_2,
          minmay_tree_intersection, minmay_vboxes
D:2:      minmay_recursive_quarters, layout_basic

Skill      XL: |  1  2  3 |
---------------+----------+-----
Polearms       | 5 |  5.3
Fighting       | |  2.9
Throwing       | |  2.2
Armour         | |  0.6
Dodging        | |  4.5
Stealth        | |  0.4

Action                     |  1- 3 |  4- 6 || total
---------------------------+-------+-------++-------
  Melee: Trident           |    99 |    35 ||   134
   Stab: Sleeping          |     4 |       ||     4
 Armour: Leather armour    |    41 |    27 ||    68
  Dodge: Dodged            |    56 |    17 ||    73

Table legend: (Time is in decaauts)
 A = Elapsed time spent in this place.
 B = Non-inter-level travel time spent in this place.
 C = Inter-level travel time spent in this place.
 D = Time resting spent in this place.
 E = Time spent auto-exploring this place.
 F = Levels seen in this place.
 G = Mean time per level.
                   A        B        C        D        E       F      G
               +--------+--------+--------+--------+--------+-----+--------+
         Total |   1751 |   1708 |     43 |    250 |   1190 |   2 |  875.5 |
       Dungeon |   1751 |   1708 |     43 |    250 |   1190 |   2 |  875.5 |
               +--------+--------+--------+--------+--------+-----+--------+

Top non-repeatable levels by time:
     D:1: 1339 daAuts
     D:2: 412 daAuts
